Map: [ESL] Alcyone

Players

LiquidClem (Clem) - Winner!

  • Race: Terran Terran
  • League: Grandmaster
  • Spawn Location: 1:00

Harstem

  • Race: Protoss Protoss
  • League: Grandmaster
  • Spawn Location: 7:00

VOD

Have the link to the VOD?

Description

Time

  • Played on: Nov. 25, 2023, 10:34 a.m.
  • Length: 9:17
Show
View Real Time Build Order
Export as new Build Order

LiquidClem Terran - Winner!

Build Orders: Cyclone Opening, Reaper Expand 

Get SALT Encoding   

  12  0:00  SCV  
  13  0:12  SCV  
  14  0:17  Supply Depot  
  14  0:24  SCV  
  15  0:38  SCV  
  15  0:40  Barracks  
  16  0:42  Refinery  
  16  0:50  SCV  
  17  1:02  SCV  
  18  1:14  SCV  
  19  1:27  Orbital Command, Reaper  
  20  1:39  Command Center  
  20  1:49  Supply Depot  
  20  1:53  SCV  
  21  1:59  Marine  
  22  2:05  SCV  
  23  2:10  Factory  
  23  2:17  SCV  
  23  2:18  Refinery  
  23  2:20  Barracks Reactor  
  24  2:29  SCV  
  25  2:41  SCV  
  26  2:51  Orbital Command  
  26  2:53  SCV  
  26  2:55  Cyclone  
  26  2:57  Marine x2  
  31  2:58  Barracks  
  32  3:05  SCV  
  32  3:07  Starport  
  32  3:14  Marine x2  
  32  3:17  SCV  
  32  3:18  SCV  
  36  3:23  Barracks  
  36  3:30  SCV  
  36  3:32  Marine x2  
  39  3:35  Supply Depot  
  39  3:37  SCV  
  40  3:43  SCV  
  40  3:45  Barracks Tech Lab  
  41  3:50  SCV, Engineering Bay  
  41  3:51  Marine x2  
  44  3:57  SCV  
  44  3:58  Supply Depot  
  44  4:04  SCV, Marine  
  44  4:09  SCV, Stimpack  
  45  4:14  Barracks  
  45  4:16  SCV  
  46  4:18  Marine x2  
  46  4:21  Terran Infantry Weapons Level 1  
  46  4:22  Barracks Tech Lab  
  48  4:24  SCV  
  48  4:28  SCV  
  50  4:34  Missile Turret  
  50  4:35  Missile Turret  
  50  4:36  SCV  
  51  4:40  Combat Shield, SCV  
  51  4:42  Marine x2  
  51  4:45  Marine x2  
  55  4:48  SCV  
  55  4:52  Supply Depot, Factory Reactor  
  57  4:53  Starport Reactor  
  57  4:54  SCV  
  57  4:57  Refinery  
  58  5:00  Marine x2  
  58  5:01  SCV  
  58  5:04  Barracks Reactor  
  58  5:06  SCV  
  62  5:09  Supply Depot, Refinery  
  62  5:14  SCV, Marauder  
  65  5:16  Marauder  
  65  5:18  Marine  
  65  5:19  Marine  
  69  5:23  SCV  
  69  5:24  Supply Depot  
  70  5:31  SCV  
  70  5:35  Supply Depot, SCV  
  71  5:36  Widow Mine x2  
  71  5:37  Medivac  
  78  5:45  Marine x4, Medivac  
  78  5:47  Marauder  
  86  5:50  Supply Depot  
  86  5:56  Marauder  
  88  5:57  Supply Depot  
  88  6:00  Widow Mine x2  
  88  6:01  Concussive Shells  
  88  6:03  Marine x2  
  94  6:11  Supply Depot, Marine x2  
  94  6:12  Medivac  
  94  6:16  Marauder  
  94  6:17  Medivac  
  102  6:21  Terran Infantry Armor Level 1  
  102  6:25  Widow Mine x2  
  106  6:29  Marine  
  106  6:30  Supply Depot  
  106  6:32  Marine x2  
  109  6:37  Marine  
  110  6:42  Supply Depot  
  113  6:47  Marauder x2  
  113  6:49  Widow Mine x2  
  117  6:55  Supply Depot, Medivac  
  117  6:58  Medivac  
  117  6:59  Marine  
  117  7:00  Marine  
  123  7:02  Marine  
  123  7:04  Marine  
  125  7:11  Marauder  
  125  7:12  Supply Depot  
  125  7:13  Marauder  
  125  7:15  Widow Mine  
  130  7:17  Widow Mine  
  130  7:21  Marine x3  
  135  7:23  Marine  
  135  7:28  Supply Depot  
  136  7:31  SCV  
  136  7:32  Marine  
  136  7:33  Medivac x2  
  141  7:37  Supply Depot  
  141  7:41  Marine x2, Widow Mine  
  141  7:42  Widow Mine  
  141  7:43  Marine  
  148  7:44  Marine  
  148  7:49  Marine  
  148  7:50  Marauder  
  149  7:56  Supply Depot  
  149  8:02  Marine x2  
  146  8:08  Marauder, Widow Mine x2  
  146  8:10  Marine  
  146  8:11  Marine x2  
  151  8:19  Liberator  
  154  8:20  Liberator  
  154  8:22  Marine  
  154  8:24  Marine  
  159  8:29  Marauder  
  159  8:30  Marauder  
  159  8:34  Marine, Widow Mine  
  158  8:36  Marine  
  158  8:41  Marine  
  142  8:44  Marine, Widow Mine  
  128  8:51  Marauder x2  
  128  8:54  Command Center  
  130  8:58  Marine x2  
Show
View Real Time Build Order
Export as new Build Order

Harstem Protoss 

Build Orders: 1 Gate Expand, Double Forge, Oracle Opening, Phoenix Opening 

Get SALT Encoding   

  12  0:00  Probe  
  13  0:12  Probe  
  14  0:17  Pylon  
  14  0:24  Probe  
  15  0:35  Gateway  
  15  0:36  Probe (Chrono Boost)  
  16  0:46  Assimilator, Probe (Chrono Boost)  
  17  0:51  Probe (Chrono Boost)  
  18  1:03  Probe  
  19  1:18  Nexus  
  19  1:27  Cybernetics Core  
  19  1:30  Probe  
  20  1:35  Assimilator  
  20  1:42  Probe  
  20  1:45  Pylon  
  21  1:55  Probe  
  22  2:01  Adept (Chrono Boost)  
  22  2:07  Probe  
  25  2:19  Probe (Chrono Boost), Stargate  
  26  2:24  Adept  
  29  2:31  Probe (Chrono Boost)  
  29  2:33  Probe (Chrono Boost)  
  29  2:35  Warp Gate  
  30  2:39  Probe (Chrono Boost)  
  30  2:41  Probe (Chrono Boost)  
  32  2:46  Probe x2 (Chrono Boost)  
  32  2:50  Pylon  
  34  2:56  Probe  
  34  2:57  Probe  
  36  3:02  Oracle (Chrono Boost)  
  39  3:08  Probe  
  39  3:09  Probe  
  41  3:21  Probe x2  
  43  3:29  Nexus  
  43  3:33  Phoenix, Probe x2  
  47  3:43  Gateway  
  47  3:45  Probe  
  47  3:46  Probe  
  49  3:57  Probe  
  49  3:58  Assimilator, Probe  
  51  4:06  Twilight Council  
  51  4:09  Probe  
  52  4:10  Forge  
  52  4:12  Probe  
  52  4:16  Pylon  
  53  4:21  Probe  
  54  4:25  Pylon  
  54  4:35  Probe (Chrono Boost)  
  54  4:37  Forge, Probe (Chrono Boost)  
  56  4:40  Sentry  
  56  4:42  Probe (Chrono Boost)  
  56  4:43  Charge  
  60  4:46  Zealot  
  60  4:47  Probe (Chrono Boost)  
  60  4:49  Gateway  
  60  4:51  Gateway, Probe x2 (Chrono Boost)  
  64  4:53  Probe (Chrono Boost)  
  64  4:56  Probe (Chrono Boost)  
  64  4:58  Protoss Ground Armor Level 1 (Chrono Boost)  
  64  4:59  Probe  
  67  5:01  Protoss Ground Weapons Level 1 (Chrono Boost), Probe  
  68  5:08  Probe  
  68  5:09  Sentry  
  68  5:10  Gateway  
  68  5:11  Probe  
  68  5:13  Gateway  
  72  5:14  Gateway, Probe  
  74  5:21  Sentry  
  74  5:22  Gateway  
  74  5:23  Probe  
  74  5:25  Pylon  
  76  5:35  Pylon  
  78  5:37  Zealot  
  78  5:39  Phoenix (Chrono Boost)  
  80  5:43  Probe  
  80  5:44  Pylon  
  80  5:47  Zealot x3, Pylon  
  87  5:50  Shield Battery  
  87  5:51  Probe  
  87  5:52  Pylon  
  87  5:53  Assimilator  
  87  5:55  Phoenix  
  88  6:01  Zealot  
  92  6:08  Photon Cannon  
  92  6:09  Zealot x4  
  100  6:19  Nexus  
  100  6:20  Zealot  
  102  6:30  Zealot x5  
  112  6:33  Pylon  
  112  6:36  Phoenix  
  112  6:38  Protoss Ground Armor Level 2 (Chrono Boost)  
  114  6:40  Protoss Ground Weapons Level 2 (Chrono Boost)  
  114  6:43  Photon Cannon  
  114  6:48  Zealot  
  114  6:54  Probe  
  117  6:55  Zealot x2  
  117  7:00  Pylon  
  120  7:02  Robotics Facility, Probe  
  120  7:07  Zealot x3  
  126  7:10  Phoenix  
  126  7:11  Probe  
  129  7:16  Pylon  
  129  7:18  Pylon  
  129  7:20  Zealot x2  
  131  7:25  Probe  
  131  7:27  Zealot x2  
  131  7:28  Probe  
  131  7:29  Probe  
  138  7:33  Zealot x2  
  140  7:42  Probe x2  
  140  7:43  Zealot x4  
  150  7:51  Zealot x2  
  154  8:03  Zealot x6  
  161  8:11  Zealot x2, Immortal (Chrono Boost)  
  166  8:26  Zealot x4  
  154  8:34  Zealot x4  
  126  8:48  Zealot x4  
  108  8:55  Zealot x4  
Tags
 
Add a new tag
Caveats
  • Supply blocks, unpowered buildings, or Contaminate may cause inaccurate times.
  • Supply counts are checked every 10 seconds.